 Dungeon Crawl Stone Soup version 0.27.1-3-gb3d3a73c9e (webtiles) character file.

Game seed: 16460141352038388000

49 H0rd4k the Charlatan (level 4, -1/32 HPs)
             Began as a Human Artificer on Oct 19, 2021.
             Slain by a shadow imp (4 damage)
             ... summoned by Natasha
             ... on level 2 of the Dungeon.
             The game lasted 00:01:16 (2259 turns).

H0rd4k the Charlatan (Human Artificer)              Turns: 2259, Time: 00:01:16

Health: -1/32      AC:  3    Str: 13    XL:     4   Next: 1%
Magic:  4/4        EV: 11    Int: 11    God:
Gold:   123        SH:  0    Dex: 14    Spells: 3/3 levels left

rFire    . . .     SeeInvis .   f - +0 dagger (drain)
rCold    . . .     Faith    .   (no shield)
rNeg     . . .     Spirit   .   b - +0 leather armour
rPois    .         Reflect  .   (no helmet)
rElec    .         Harm     .   (no cloak)
rCorr    .         Rampage  .   (no gloves)
Will     .....                  (no boots)
Stlth    +.........             (no amulet)
HPRegen  0.10/turn              (no ring)
MPRegen  0.09/turn              (no ring)

@: slowed, very slow
A: no striking features
a: no special abilities


You were on level 2 of the Dungeon.
You visited 1 branch of the dungeon, and saw 2 of its levels.

You collected 123 gold pieces.

Inventory:

Hand Weapons
 a - a +0 club
 f - a +0 dagger of draining (weapon)
Missiles
 k - a throwing net
Armour
 b - a +0 leather armour (worn)
Wands
 c - a wand of flame (15) (quivered)
 d - a wand of charming (15)
Scrolls
 h - a scroll of blinking {unknown}
 j - a scroll of enchant weapon {unknown}
Potions
 g - a potion of curing {unknown}
 i - a potion of heal wounds
Miscellaneous
 e - a piece from Xom's chessboard (15/15)


   Skills:
 + Level 1.4 Fighting
 + Level 1.4 Short Blades
 - Level 2.0 Armour
 + Level 1.2 Dodging
 - Level 1.0 Stealth
 + Level 4.0 Evocations


You had 3 spell levels left.
You didn't know any spells.
Your spell library contained the following spells:

 Spells                   Type           Power      Damage    Failure   Level
 Iskenderun's Battlesphe  Conj           0%         2d6       100%        5
 Iron Shot                Conj/Erth      0%         9d1       100%        6
 Spellforged Servitor     Conj/Summ      0%         N/A       100%        7


Dungeon Overview and Level Annotations

Branches:
Dungeon (2/15)

Altars:

Annotations:
D:2 Natasha


Message History

You hit Natasha.
Natasha is severely wounded.
Natasha drinks a potion.
Natasha is healed!
You hit Natasha but do no damage. Natasha closely misses you.
Natasha claws you.
You closely miss Natasha. Natasha misses you.
Natasha is nearby!
You hit Natasha.
Natasha is lightly wounded.
Natasha claws you.
You are too injured to fight recklessly!
You barely miss Natasha.
Natasha is lightly wounded.
Natasha closely misses you.
Natasha mumbles some strange words.
You hit Natasha.
Natasha is moderately wounded.
Natasha barely misses you. The shadow imp hits you.
You hit Natasha.
Natasha is moderately wounded.
Natasha claws you!
* * * LOW HITPOINT WARNING * * *
The shadow imp closely misses you. Natasha barely misses you.
You hit Natasha but do no damage. You drain Natasha.
Natasha is severely wounded.
The shadow imp barely misses you. Natasha claws you but does no damage.
The shadow imp grins evilly.
The shadow imp closely misses you.
You miss Natasha.
Natasha is severely wounded.
Natasha casts a spell at you. You resist with some effort.
The shadow imp hits you but does no damage.
Natasha claws you but does no damage.
You miss Natasha.
Natasha is severely wounded.
The shadow imp barely misses you. Natasha claws you.
* * * LOW HITPOINT WARNING * * *
The shadow imp hits you.
You die...

#.......# #.##.....
###.##.#### #########
#.....)#
#.......###.#.##.#
..#####..........#
##.#.##.#.#..####
#######.###.....#......
#....5@## ##..###.#####
#######h###..#.##.#####
#.#....#........
#.##...##.#####
####...##.# # #...##.#
# #...##.#####
#...##......
#...##......


You could see Natasha (drained) and a shadow imp (summoned).

Vanquished Creatures
  An adder (D:2)
  7 ball pythons
  5 endoplasms (D:1)
  4 hobgoblins
  A quokka (D:1)
  3 bats (D:2)
  5 frilled lizards
  4 goblins
  6 kobolds
  2 rats (D:1)
38 creatures vanquished.

Notes
Turn   | Place    | Note
-------+----------+-------------------------------------------
     0 | D:1      | H0rd4k the Human Artificer began the quest for the Orb.
     0 | D:1      | Reached XP level 1. HP: 15/15 MP: 1/1
   321 | D:1      | Reached XP level 2. HP: 16/21 MP: 2/2
   427 | D:1      | HP: 1/21 [frozen (3)]
  1014 | D:1      | Reached XP level 3. HP: 22/26 MP: 3/3
  1751 | D:2      | Reached skill level 1 in Short Blades
  2045 | D:2      | Reached skill level 4 in Evocations
  2180 | D:2      | Reached XP level 4. HP: 27/32 MP: 4/4
  2244 | D:2      | Noticed Natasha
  2259 | D:2      | Slain by a shadow imp

Illustrated notes

Levels and vault maps discovered:
D:1:      wheals_arrival_linesprint, layout_loops_ring, serial_bayou_lagoon_b
D:2:      layout_loops_ring, minmay_pentomino_u4, uniq_crazy_yiuf_cottage,
          uniq_natasha, uniq_sigmund

Skill      XL: |  1  2  3 |
---------------+----------+-----
Short Blades   | 1 |  1.4
Evocations     | 4 |  4.0
Fighting       | |  1.4
Armour         | |  2.0
Dodging        | |  1.2
Stealth        | |  1.0

Action                   |  1- 3 |  4- 6 || total
-------------------------+-------+-------++-------
Melee: Dagger            |   103 |    15 ||   118
       Club              |    15 |       ||    15
 Stab: Sleeping          |     3 |     1 ||     4
Armor: Leather armour    |    34 |     4 ||    38
Dodge: Dodged            |    55 |    10 ||    65
